 Dungeon Crawl Stone Soup version 0.16-a0-100-g0188e4c (webtiles) character file.

30 Nordron the Firebug (level 3, 0/21 HPs)
             Began as a High Elf Fire Elementalist on Aug 9, 2014.
             Slain by a ball python (1 damage)
             ... on Level 1 of the Dungeon.
             The game lasted 00:10:32 (1233 turns).

Nordron the Firebug (High Elf Fire Elementalist)    Turns: 1233, Time: 00:10:32

HP   0/21        AC  2     Str 10      XL: 3   Next:  5%
MP   1/9         EV 13     Int 19      God:
Gold 54          SH  0     Dex 16      Spells:  1 memorised,  7 levels left

rFire  . . .     SeeInvis .     p - +0 dagger
rCold  . . .     Clarity  .     n - +0 robe
rNeg   . . .     rCorr    .     (no shield)
rPois  .         rRot     .     (no helmet)
rElec  .         Spirit   .     (no cloak)
SustAb .         Warding  .     (no gloves)
rMut   .         Stasis   .     (no boots)
Gourm  .                        (no amulet)
MR     .....                    (no ring)
                                f - +3 ring of strength

@: very slightly contaminated, hasted, constricted, very quick, not resistant to
hostile enchantments, unstealthy
A: no striking features
a: no special abilities


You were on level 1 of the Dungeon.
You were not hungry.

You visited 1 branch of the dungeon, and saw 2 of its levels.

You collected 54 gold pieces.

Inventory:

Hand weapons
 p - a +0 dagger (weapon)
Armour
 n - a +0 robe (worn)
Comestibles
 c - 3 bread rations
 d - a beef jerky
 l - 2 meat rations
Scrolls
 e - a scroll of magic mapping {unknown}
 g - a scroll of recharging {unknown}
 h - a scroll of immolation {unknown}
 k - a scroll of amnesia
Jewellery
 f - a +3 ring of strength (left hand)
Potions
 m - a potion of haste
Books
 b - a book of Flames

   Spells                             Type                      Level
   *Flame Tongue                      Conjuration/Fire             1
   Throw Flame                        Conjuration/Fire             2
   Conjure Flame                      Conjuration/Fire             3
   Inner Flame                        Hexes/Fire                   3
   Sticky Flame                       Conjuration/Fire             4
   Fireball                           Conjuration/Fire             5


   Skills:
 + Level 2.3 Dodging
 + Level 2.2 Stealth
 + Level 3.1 Spellcasting
 + Level 1.3 Conjurations
 + Level 3.6 Fire Magic


You had 7 spell levels left.
You knew the following spells:

 Your Spells              Type           Power        Failure   Level  Hunger
a - Flame Tongue          Conj/Fire      ##...        8%          1    None


Dungeon Overview and Level Annotations

Branches:
Dungeon (2/15)

Altars:
Xom


Message History

Aiming: Flame Tongue
Press: ? - help, Shift-Dir - straight line, f/p - ball python
Aim: a ball python (heavily wounded, constricting you)
The flame tongue misses the ball python.
The ball python bites you.
* * * LOW HITPOINT WARNING * * *
The ball python constricts you.
You barely miss the ball python.
The ball python is heavily wounded.
The ball python bites you but does no damage.
* * * LOW HITPOINT WARNING * * *
The ball python constricts you.
Casting: Flame Tongue
Confirm with . or Enter, or press ? or * to list all spells.
You don't know that spell.
Unknown command.
You feel yourself speed up.
It was a potion of haste.
The ball python misses you. The ball python constricts you.
The ball python bites you.
You die...

..........♣♣.♣P♣♣♣##...####...#.#
.♣♣.##.##..♣♣♣♣♣.........###..#..
♣♣♣....##.............#..........
♣♣....####......#...#.###....#...
#....## #......)..#..###........
#.....###................###....
##......########.....###..# ##..#
.................S....##..## #...
##......########@#.........# #.#.
#.....########....#..P....# #...
#♣♣♣♣♣#.........###..P....###)..
#♣♣P♣♣♣♣.........# #.P♣..........
.)[%P.♣♣♣♣.....%.# #..♣♣P#..###..
.♣P.♣P..P♣.......###.♣♣PP........
.#♣♣♣ ..♣♣♣.....)...P..♣♣.....###
...♣ .P ♣.....>...P♣♣♣♣♣P....##
##.♣ .♣♣.........PP♣ ♣......#


You could see a ball python.

Vanquished Creatures
  A worm (D:1)
  A giant gecko (D:1)
  An ooze (D:1)
  A ball python (D:2)
  2 giant cockroaches (D:1)
  4 goblins (D:1)
  3 hobgoblins (D:1)
  2 kobolds (D:1)
  2 bats
  3 rats (D:1)
20 creatures vanquished.

Notes
Turn   | Place    | Note
--------------------------------------------------------------
     0 | D:1      | Nordron, the High Elf Fire Elementalist, began the quest for the Orb.
     0 | D:1      | Reached XP level 1. HP: 11/11 MP: 4/4
   204 | D:1      | Reached XP level 2. HP: 10/17 MP: 3/6
   929 | D:2      | Found a shimmering altar of Xom.
  1210 | D:1      | Reached XP level 3. HP: 6/21 MP: 0/9
  1232 | D:1      | HP: 1/21 [ball python (1)]
  1233 | D:1      | Slain by a ball python

Action                   || total
-------------------------++-------
Melee: Dagger            ||    16
 Cast: Flame Tongue      ||    54
  Use: Scroll            ||     1
       Potion            ||     1
  Eat: Chunk             ||     1
